 Dungeon Crawl Stone Soup version 0.30-a0-187-gd9c2deaf24 (webtiles) character file.

Game seed: 15806918083878283627

62 lunkers the Chopper (level 4, -2/36 HPs)
             Began as a Meteoran Reaver on Oct 4, 2022.
             Was a Follower of Zin.
             Killed from afar by an orc wizard (7 damage)
             ... with a magic dart
             ... on level 3 of the Dungeon.
             The game lasted 00:02:49 (719 turns).

lunkers the Chopper (Meteoran Reaver)                Turns: 719, Time: 00:02:50

Health: -2/36      AC:  3    Str: 15    XL:     4   Next: 53%
Magic:  9/9        EV: 12    Int: 14    God:    Zin [*.....]
Gold:   37         SH:  0    Dex: 13    Spells: 5/8 levels left

rFire   . . .      SeeInvis .    a - +0 hand axe
rCold   . . .      Faith    .    (no shield)
rNeg    . . .      Spirit   .    b - +0 leather armour
rPois   .          Reflect  .    (no helmet)
rElec   .          Harm     .    (no cloak)
rCorr   .          Rampage  .    (no gloves)
Will    .....                    (no boots)
Stlth   +.........               (no amulet)
HPRegen 0.26/turn                (no ring)
MPRegen 0.11/turn                (no ring)

@: glowing
A: sense surroundings 1, otherworldly, glowing, explore regen
a: Renounce Religion, Recite, Donate Gold


You were on level 3 of the Dungeon.
You worshipped Zin.
Zin was aware of your devotion.
You visited 1 branch of the dungeon, and saw 3 of its levels.

You collected 41 gold pieces.
You donated 4 gold pieces to Zin.

Inventory:

Hand Weapons
 a - a +0 hand axe (weapon)
Missiles
 d - 32 stones
Armour
 b - a +0 leather armour (worn)
 e - a +0 scale mail
Scrolls
 c - 2 scrolls of identify
Potions
 g - 3 potions of might
 h - a potion of brilliance
 i - a potion of mutation
 k - a potion of attraction {unknown}


   Skills:
 - Level 2.1 Fighting
 * Level 5.8 Axes
 - Level 2.4 Dodging
 - Level 2.6 Spellcasting
 - Level 3.6 Conjurations


You had 5 spell levels left.
You knew the following spells:

 Your Spells              Type           Power      Damage    Failure   Level
b - Momentum Strike       Conj/Tloc      12%        3d8       21%         2
p - Kiss of Death         Conj/Necr      24%        2d7       13%         1

Your spell library contained the following spells:

 Spells                   Type           Power      Damage    Failure   Level
 Hailstorm                Conj/Ice       6%         3d4       36%         3
 Borgnjor's Revivificati  Necr           0%         N/A       100%        8
 Necromutation            Tmut/Necr      0%         N/A       100%        8
 Death's Door             Necr           0%         N/A       100%        9


Dungeon Overview and Level Annotations

Branches:
Dungeon (3/15) Zot: 1071

Altars:
Zin


Innate Abilities, Weirdness & Mutations

You passively map a small area around you.
You are easily found by Zot.
You glow in the dark.
You regain HP and MP as you explore.


Message History

You barely miss something. Something hits you.
You bump into the rock wall.
Something hits you.
You completely miss something. Something hits you.
You closely miss something. Something hits you.
* * * LOW HITPOINT WARNING * * *
Okay, then.
You bump into the rock wall.
Something hits you but does no damage.
Unknown command.
You miss something. Something hits you.
* * * LOW HITPOINT WARNING * * *
You feel less confused.
You hear some strange, mumbled words.
A puff of flame appears from out of thin air!
The puff of flame hits you.
* * * LOW HITPOINT WARNING * * *
Something hits you.
* * * LOW HITPOINT WARNING * * *
Items here: ( )) [.
You closely miss something.
You hear some strange, mumbled words.
Something tries to affect you, but you resist.
You barely miss something. Something hits you.
* * * LOW HITPOINT WARNING * * *
You barely miss something. Something hits you.
* * * LOW HITPOINT WARNING * * *
You hit something. Something hits you.
* * * LOW HITPOINT WARNING * * *
You miss something. Something barely misses you.
You barely miss something. Something hits you.
* * * LOW HITPOINT WARNING * * *
You closely miss something. Something hits you.
* * * LOW HITPOINT WARNING * * *
You closely miss something. Something hits you but does no damage.
You hit something. Something hits you.
* * * LOW HITPOINT WARNING * * *
You completely miss something.
You hear some strange, mumbled words.
A magic dart appears from out of thin air!
The magic dart hits you!
You die...

, #.#.........#
, #.#.....###.#
*
##.#.....###.#*
#.........# .#
* #.........# #
, * #........<#
, * ##.#.....##
, #.#........,
#@#...#.##.. ,
* #{#####.# .*
, , ... .. , ,
, * #.### ,## *
, #. #. * * #.,
, * ##


There were no monsters in sight!

Vanquished Creatures
  2 adders
  3 dart slugs
  2 orcs (D:3)
  2 bats
  3 endoplasms
  A giant cockroach (D:1)
  2 goblins (D:1)
  A hobgoblin (D:1)
  5 kobolds (D:1)
  5 quokkas
  3 ball pythons
  2 frilled lizards
  5 rats
36 creatures vanquished.

Vanquished Creatures (others)
  An adder (D:3)
  A goblin (D:1)
  A quokka (D:1)
3 creatures vanquished.

Grand Total: 39 creatures vanquished

Notes
Turn   | Place    | Note
-------+----------+-------------------------------------------
     0 | D:1      | lunkers the Meteoran Reaver began the quest for the Orb.
     0 | D:1      | Reached XP level 1. HP: 17/17 MP: 5/5
    82 | D:1      | Reached skill level 4 in Axes
    84 | D:1      | Reached XP level 2. HP: 10/24 MP: 6/6
   134 | D:1      | Learned a level 2 spell: Momentum Strike
   193 | D:1      | Reached XP level 3. HP: 11/29 MP: 2/8
   391 | D:2      | Found a faded altar of an unknown god.
   402 | D:2      | Prayed at the altar of an unknown god.
   402 | D:2      | Became a worshipper of Zin the Law-Giver
   402 | D:2      | Reached * piety under Zin
   434 | D:1      | Reached skill level 5 in Axes
   602 | D:2      | Reached XP level 4. HP: 33/36 MP: 9/9
   719 | D:3      | Killed from afar by an orc wizard

Illustrated notes

Levels and vault maps discovered:
D:1:      lightli_arrival_quake, layout_rooms, serial_shops,
          nicolae_shop_window_shopping
D:2:      layout_basic, ebering_ecumenical_altar_sacrificial,
          minmay_misc_feat_cross, minmay_pentomino_p4
D:3:      layout_loops_ring, uniq_natasha

Skill      XL: |  1  2  3 |
---------------+----------+-----
Axes           | 4 5 |  5.8
Fighting       | |  2.1
Dodging        | |  2.4
Spellcasting   | |  2.6
Conjurations   | |  3.6

Action                   |  1- 3 |  4- 6 || total
-------------------------+-------+-------++-------
Melee: Hand axe          |    96 |    51 ||   147
 Cast: Momentum Strike   |     3 |     1 ||     4
  Use: Scroll            |     5 |       ||     5
       Potion            |       |     1 ||     1
Armor: Leather armour    |    31 |    13 ||    44
Dodge: Dodged            |    53 |    15 ||    68

Table legend: (Time is in decaauts)
 A = Elapsed time spent in this place.
 B = Non-inter-level travel time spent in this place.
 C = Inter-level travel time spent in this place.
 D = Time resting spent in this place.
 E = Time spent auto-exploring this place.
 F = Levels seen in this place.
 G = Mean time per level.
                   A        B        C        D        E       F      G
               +--------+--------+--------+--------+--------+-----+--------+
         Total |    727 |    704 |     23 |      0 |    340 |   3 |  242.3 |
       Dungeon |    727 |    704 |     23 |      0 |    340 |   3 |  242.3 |
               +--------+--------+--------+--------+--------+-----+--------+

Top non-repeatable levels by time:
     D:2: 316 daAuts
     D:1: 290 daAuts
     D:3: 120 daAuts
